 Dungeon Sprint DCSS version 0.22.0-13-g43fe8f2 (webtiles) character file.

1200000 poirepourri the Middleweight Champion (level 16, -4/161 HPs)
             Began as a Ghoul Gladiator on Aug 16, 2018.
             Was a Believer of Makhleb.
             Slain by a bag of meat
             ... wielding a +9 war axe
              (29 damage)
             ... in the Dungeon (Sprint VIII: "Arena of Blood").
             The game lasted 00:00:16 (12 turns).

poirepourri the Middleweight Champion (GhGl)          Turns: 12, Time: 00:00:17

Health: -4/161     AC:  4    Str: 20    XL:     16   Next: 80%
Magic:  15/15      EV: 31    Int:  3    God:    Makhleb [**....]
Gold:   0          SH:  0    Dex: 15    Spells: 15/15 levels left

rFire    . . .     SeeInvis .   k - +∞ Axe of Woe
rCold    + . .     Gourm    .   (shield currently unavailable)
rNeg     + + +     Faith    .   a - +0 leather armour
rPois    ∞         Spirit   .   b - +0 helmet
rElec    .         Reflect  .   (no cloak)
rCorr    .         Harm     .   (no gloves)
MR       +....     NoTele   +   (no boots)
Stlth    +.........             (no amulet)
HPRegen  0.00/turn              (no ring)
MPRegen  0.14/turn              (no ring)

@: rotting
A: rotting body, claws 1, carnivore, cold resistance 1, negative energy
resistance 3, inhibited regeneration, torment resistance, unbreathing
a: Minor Destruction, Renounce Religion


You were in the Dungeon.
You worshipped Makhleb.
Makhleb was pleased with you.
You were not hungry.

You visited 1 branch

Inventory:

Hand Weapons
 k - the +∞ Axe of Woe (weapon)
   (You found it in the Dungeon)
Missiles
 c - 3 throwing nets (quivered)
Armour
 a - a +0 leather armour (worn)
 b - a +0 helmet (worn)
Scrolls
 j - a scroll of blinking
Potions
 e - a potion of curing
 f - a potion of heal wounds
 g - a potion of haste
 h - 2 potions of magic
 i - a potion of berserk rage
Comestibles
 d - a ration


   Skills:
 + Level 19.4 Fighting
 + Level 12.9 Axes
 + Level 15.4 Throwing
 + Level 4.6 Armour
 + Level 26.2 Dodging
 O Level 27 Unarmed Combat


You had 15 spell levels left.
You didn't know any spells.
Your spell library was empty.

Dungeon Overview and Level Annotations

Branches:
Dungeon (1/1)

Altars:
Makhleb


Innate Abilities, Weirdness & Mutations

Your body is rotting away.
You thrive on raw meat.
You are immune to poison.
You have sharp fingernails.
You are carnivorous and can eat meat at any time.
Your flesh is cold resistant. (rC+)
You are immune to negative energy. (rN+++)
You do not regenerate when monsters are visible.
You are immune to unholy pain and torment.
You can survive without breathing.


Message History

Makhleb accepts your kill.
You feel better.
Your Fighting skill increases to level 19!
Your Axes skill increases to level 12!
Your Throwing skill increases to level 15!
Your Dodging skill increases to level 26!
You hear a shout! x3
A bag of meat comes into view. It is wielding a +9 war axe. x2
The meat berserker appears out of thin air!
A meat berserker comes into view. It is wielding a +9 battleaxe.
You hear a shout!
The meat berserker hits you with a +9 battleaxe!!!
The meat berserker hits you with a +9 battleaxe!!
* * * LOW HITPOINT WARNING * * *
You hear a shout!
The bag of meat appears out of thin air!
A bag of meat comes into view. It is wielding a +9 war axe.
You hear a shout! x2
The bag of meat hits you with a +9 war axe!!
You die...

..........
...........
......... #.
.....# #.. ....#
. .###..
...###.o.
......###).......
......._o@)......
....#...OO#o.....
. #_.o.o# .....
#.....# ....
...O._.o... ...
...o..###........
.###.o .oo###. .
#.. ...# #.. ..#


You could see 3 meat berserkers and 10 bags of meat.

Vanquished Creatures
  3 ogres (D)
  3 orcs (D)
6 creatures vanquished.

Notes
Turn   | Place    | Note
-------+----------+-------------------------------------------
     0 | D        | Found the +∞ Axe of Woe
     0 | D        | poirepourri the Ghoul Gladiator began the quest for the Orb.
     0 | D        | Reached XP level 1. HP: 17/17 MP: 0/0
     2 | D        | Noticed a bag of meat
     4 | D        | Became a worshipper of Makhleb the Destroyer
     5 | D        | Noticed a bag of meat
     6 | D        | Noticed a meat berserker
     6 | D        | Noticed a bag of meat
     7 | D        | Noticed a meat berserker
     7 | D        | Noticed a meat berserker
     8 | D        | Noticed a bag of meat
     9 | D        | Killed a bag of meat
     9 | D        | Reached skill level 15 in Dodging
     9 | D        | Reached skill level 19 in Unarmed Combat
     9 | D        | Reached XP level 2. HP: 40/40 MP: 1/1
     9 | D        | Reached XP level 3. HP: 47/47 MP: 2/2
     9 | D        | Reached XP level 4. HP: 55/55 MP: 3/3
     9 | D        | Reached XP level 5. HP: 61/61 MP: 4/4
     9 | D        | Reached XP level 6. HP: 68/68 MP: 5/5
     9 | D        | Reached XP level 7. HP: 74/74 MP: 6/6
     9 | D        | Reached XP level 8. HP: 82/82 MP: 7/7
     9 | D        | Reached XP level 9. HP: 89/89 MP: 8/8
     9 | D        | Reached XP level 10. HP: 96/96 MP: 9/9
     9 | D        | Reached XP level 11. HP: 103/103 MP: 10/10
     9 | D        | Reached XP level 12. HP: 110/110 MP: 11/11
     9 | D        | Noticed a meat berserker
     9 | D        | Noticed a meat berserker
     9 | D        | Noticed a bag of meat
     9 | D        | Noticed a bag of meat
    10 | D        | Killed a meat berserker
    10 | D        | Reached * piety under Makhleb
    10 | D        | Reached skill level 5 in Axes
    10 | D        | Reached skill level 23 in Unarmed Combat
    10 | D        | Reached XP level 13. HP: 125/125 MP: 12/12
    10 | D        | Reached XP level 14. HP: 133/133 MP: 13/13
    10 | D        | Noticed a bag of meat
    10 | D        | Noticed a bag of meat
    11 | D        | Killed a bag of meat
    11 | D        | Reached skill level 15 in Fighting
    11 | D        | Reached skill level 1 in Armour
    11 | D        | Reached skill level 24 in Unarmed Combat
    11 | D        | Killed a meat berserker
    11 | D        | Reached skill level 26 in Unarmed Combat
    11 | D        | Reached XP level 15. HP: 77/145 MP: 14/14
    11 | D        | Killed a meat berserker
    11 | D        | Reached ** piety under Makhleb
    11 | D        | Reached skill level 27 in Unarmed Combat
    11 | D        | Reached XP level 16. HP: 84/159 MP: 15/15
    12 | D        | Reached skill level 15 in Throwing
    12 | D        | Noticed a meat berserker
    12 | D        | Slain by a bag of meat

Skill      XL: |  1  2  3  4  5  6  7  8  9 10 11 12 13 14 15 16 |
---------------+-------------------------------------------------+-----
Fighting       | 11 14 16 18 19 | 19.4
Axes           | 3 5 8 11 12 | 12.9
Throwing       | 9 11 13 14 15 | 15.4
Dodging        | 15 19 22 25 26 | 26.2
Unarmed Combat | 19 23 26 27 | 27.0
Armour         | 3 4 |  4.6

Action                   |  1- 3 |  4- 6 |  7- 9 | 10-12 | 13-15 | 16-18 || total
-------------------------+-------+-------+-------+-------+-------+-------++-------
Melee: Executioner's axe |     1 |       |       |     1 |     1 |     1 ||     4
